 Dungeon Crawl Stone Soup version 0.28-a0-586-gbdb9d174a4 (webtiles) character file.

Game seed: 463524274043366882

45499 fvbjks the Geomancer (level 14, -9/86 HPs)
             Began as a Gargoyle Earth Elementalist on Oct 3, 2021.
             Was an Elder of Vehumet.
             Mangled by an entropy weaver simulacrum (11 damage)
             ... in an ice cave.
             The game lasted 00:50:15 (22806 turns).

fvbjks the Geomancer (Gargoyle Earth Elementalist) Turns: 22806, Time: 00:50:15

Health: -9/86      AC: 26    Str: 19    XL:     14   Next: 33%
Magic:  2/27       EV: 14    Int: 20    God:    Vehumet [****..]
Gold:   1941       SH:  5    Dex: 10    Spells: 22/31 levels left

rFire   + . .      SeeInvis .   m - +9 dire flail
rCold   + + .      Faith    .   (shield currently unavailable)
rNeg    + . .      Spirit   .   e - +3 leather armour {rF+}
rPois   ∞          Reflect  +   J - +2 hat {Will+}
rElec   +          Harm     .   a - +2 cloak
rCorr   .          Rampage  .   (no gloves)
Will    ++...                   (no boots)
Stlth   ++........              x - amulet of reflection
HPRegen 0.24/turn               g - +4 ring of protection
MPRegen 0.20/turn               p - +6 ring of strength

@: flying, slowed, very slow
A: sickness immunity, AC +10, big wings, negative energy resistance 1,
electricity resistance, torment resistance 1, petrification resistance, hooves
1, cold resistance 2
a: Renounce Religion


You were in an ice cave.
You worshipped Vehumet.
Vehumet was greatly pleased with you.
You visited 3 branches of the dungeon, and saw 17 of its levels.
You visited the Abyss 1 time.
You also visited: Ice Cave.

You collected 2494 gold pieces.
You spent 553 gold pieces at shops.

Inventory:

Hand Weapons
 c - a +2 whip of electrocution
 j - a +1 vorpal flail
 m - a +9 dire flail (weapon)
Missiles
 h - 257 stones
Armour
 a - a +2 cloak (worn)
 e - a +3 leather armour of fire resistance (worn)
 n - a +0 robe of fire resistance
 s - a +0 helmet
 H - +0 steam dragon scales
 J - a +2 hat of willpower (worn)
Jewellery
 d - a ring of flight
 g - a +4 ring of protection (left hand)
 l - a ring of protection from fire
 p - a +6 ring of strength (right hand)
 x - an amulet of reflection (around neck)
 F - a ring of wizardry
Wands
 r - a wand of iceblast (3)
 u - a wand of digging (15)
 w - a wand of flame (64)
 A - a wand of acid (16)
 G - a wand of paralysis (4)
Scrolls
 f - 4 scrolls of magic mapping
 o - 3 scrolls of amnesia
 t - 14 scrolls of identify
 v - 2 scrolls of teleportation
 y - 3 scrolls of immolation
 B - a scroll of fog
 C - a scroll of blinking
 D - a scroll of fear
Potions
 b - 7 potions of lignification
 i - 2 potions of brilliance
 k - 4 potions of mutation
 q - a potion of flight
 z - 3 potions of attraction
 E - 4 potions of might
 I - a potion of curing
 K - a potion of berserk rage
 L - a potion of heal wounds


   Skills:
 + Level 9.3 Fighting
 + Level 8.6 Maces & Flails
 - Level 6.0 Armour
 + Level 7.4 Dodging
 - Level 2.1 Stealth
 + Level 9.4 Spellcasting
 + Level 10.6 Conjurations
 - Level 4.0 Transmutations
 * Level 2.7 Fire Magic
 + Level 12.4 Earth Magic
 + Level 6.1 Evocations


You had 22 spell levels left.
You knew the following spells:

 Your Spells              Type           Power      Damage    Failure   Level
a - Sandblast             Erth           100%       2d20      1%          1
b - Stone Arrow           Conj/Erth      100%       3d13      1%          3
c - Fireball              Conj/Fire      18%        3d9       4%          5

Your spell library contained the following spells:

 Spells                   Type           Power      Damage    Failure   Level
 Passwall                 Tmut/Erth      35%        N/A       1%          2
 Scorch                   Fire           40%        2d7       1%          2
 Flame Wave               Conj/Fire      36%        3d8       1%          4
 Petrify                  Tmut/Erth      42%        N/A       2%          4
 Lightning Bolt           Conj/Air       15%        1d29      7%          5
 Airstrike                Air            4%         N/A       21%         4
 Gell's Gravitas          Tloc           4%         N/A       26%         3
 Ozocubu's Armour         Ice            9%         N/A       26%         3
 Teleport Other           Tloc           9%         N/A       26%         3
 Summon Lightning Spire   Summ/Air       9%         N/A       63%         4
 Dispersal                Tloc           4%         N/A       100%        6
 Summon Cactus Giant      Summ           4%         N/A       100%        6
 Ozocubu's Refrigeration  Ice            4%         4d5       100%        7


Dungeon Overview and Level Annotations

Branches:
Dungeon (14/15)            Temple (1/1) D:5            Lair (2/6) D:8
    Orc (0/2) D:10         Vaults (0/5) D:14          IceCv (1/1)
  Swamp: Lair:2-4    Shoals: Lair:2-4     Snake: Lair:2-4    Spider: Lair:2-4

Altars:
Ashenzari
Cheibriados
Dithmenos
Elyvilon
Fedhas
Gozag
Hepliaklqana
Kikubaaqudgha
Makhleb
Nemelex Xobeh
Okawaru
Qazlal
Ru
Sif Muna
Trog
Uskayaw
Vehumet
Wu Jian
Xom
Yredelemnul
Zin
The Shining One

Shops:
D:11 *   D:12 [**(?

Annotations:
D:12 3 runed translucent doors, yegreS's ghost, journeyman MiFi
Lair:2 Fannar


Innate Abilities, Weirdness & Mutations

You are immune to sickness and miasma.
Your stone body is resilient. (AC +10)
You are immune to poison.
Your large and strong wings let you fly.
You resist negative energy. (rN+)
You are resistant to electric shocks. (rElec)
You are resistant to unholy torment.
You are immune to petrification.
You have large cloven feet.
Your flesh is very cold resistant. (rC++)


Message History

You block the entropy weaver simulacrum's attack.
The entropy weaver simulacrum hits you but does no damage.
You are too injured to fight recklessly!
Unknown command.
You are too injured to fight recklessly!
Unknown command.
You are too injured to fight recklessly!
Unknown command.
You are too injured to fight recklessly!
You are too injured to fight recklessly!
Unknown command.
You are too injured to fight recklessly!
Unknown command.
Casting: Stone Arrow (safe; 1% risk of failure)
Confirm with . or Enter, or press ? or * to list all spells.
Aiming: Stone Arrow (safe; 1% risk of failure)
Press: ? - help, Shift-Dir - straight line, f - freezing wraith
Aim: a freezing wraith (heavily damaged, 78% to hit)
The stone arrow hits the freezing wraith!!
The freezing wraith is almost destroyed.
The freezing wraith closely misses you. The freezing wraith barely misses you.
The entropy weaver simulacrum closely misses you.
The entropy weaver simulacrum hits you but does no damage.
The entropy weaver simulacrum hits you!
The entropy weaver simulacrum freezes you!
You resist.
* * * LOW HITPOINT WARNING * * *
The entropy weaver simulacrum hits you.
* * * LOW HITPOINT WARNING * * *
The entropy weaver simulacrum freezes you!
You resist.
* * * LOW HITPOINT WARNING * * *
The freezing wraith hits you but does no damage.
You block the freezing wraith's attack.
The entropy weaver simulacrum barely misses you.
The entropy weaver simulacrum hits you!
* * * LOW HITPOINT WARNING * * *
The entropy weaver simulacrum freezes you!
You resist.
You die...

#[......#
#......[#
#......?#
####.####
#.......#
#.......#
#.......#
#.......#
#...@...#
##.°WZ.##
##...##
##.## ...
....
.....
.....


You could see a freezing wraith and an entropy weaver simulacrum.

Vanquished Creatures
  Gastronok (Lair:1)
  3 tentacled starspawn (Abyss:2)
  A caustic shrike skeleton (Abyss:2)
  A green draconian (Abyss:2)
  Nessos (D:14)
  2 hydras (D:14)
  2 boulder beetles
  2 vault guards (D:14)
  A centaur warrior (D:14)
  A tengu warrior (D:14)
  A hell hog (Abyss:2)
  Urug (Lair:1)
  3 skeletal warriors (D:11)
  4 wizards
  An orc knight (D:14)
  A necromancer (D:14)
  2 deep elf pyromancers
  6 ugly things
  2 manticores
  2 cyclopes
  3 ice statues (IceCv)
  A black mamba (Lair:1)
  A smoke demon (Abyss:2)
  A cane toad (Lair:1)
  An unseen horror (Abyss:2)
  Maggie (Lair:1)
  Psyche (D:9)
  A rime drake (Lair:1)
  A freezing wraith (Abyss:2)
  3 komodo dragons
  An anaconda simulacrum (IceCv)
  3 trolls (D:11)
  A hornet (D:9)
  Grinder (D:4)
  Prince Ribbit (Lair:1)
  A raiju (Abyss:2)
  3 blink frogs (Lair:1)
  A spriggan (shapeshifter) (D:13)
  3 vampires
  A wyvern (D:8)
  A dire elephant simulacrum (IceCv)
  2 wraiths
  5 small abominations (Abyss:2)
  A large abomination (Abyss:2)
  2 ynoxinuls (Abyss:2)
  2 basilisks
  28 yaks
  23 humans
  A steam dragon (D:10)
  11 vampire mosquitoes
  A death yak simulacrum (IceCv)
  Menkaure (D:4)
  A warg (D:14)
  2 acid dragons
  3 water moccasins
  5 black bears
  4 ice beasts
  A sky beast (D:7)
  9 orc warriors
  2 ogres
  A necrophage (D:5)
  3 centaurs
  2 kobold brigands
  2 gnoll sergeants
  8 bullfrogs
  4 scorpions
  A cane toad simulacrum (IceCv)
  3 elephant simulacra (IceCv)
  14 killer bees
  10 wights
  8 howler monkeys
  A crimson imp (D:9)
  A jelly (D:5)
  2 centaur zombies (D:9)
  2 hounds
  8 orc priests
  3 gnoll shamans
  Crazy Yiuf (D:2)
  A bullfrog skeleton (D:7)
  A centaur skeleton (D:5)
  2 iron imps (Abyss:2)
  A scorpion zombie (D:5)
  9 orc wizards
  Natasha (thrice) (D:3)
  4 iguanas
  A polar bear simulacrum (IceCv)
  A howler monkey zombie (D:9)
  22 gnolls
  3 adders
  A shadow imp (D:6)
  10 white imps
  An adder zombie (D:5)
  3 worms
  29 orcs
  8 ball pythons
  4 bats
  4 endoplasms
  A giant cockroach (D:2)
  6 goblins
  4 hobgoblins
  3 jackals (D:4)
  6 kobolds
  4 quokkas
  2 frilled lizards (D:1)
  7 rats
  A starspawn tentacle (Abyss:2)
389 creatures vanquished.

Vanquished Creatures (others)
  A yak (D:10)
  19 fungi (D:8)
  17 plants
  5 starspawn tentacles (Abyss:2)
42 creatures vanquished.

Grand Total: 431 creatures vanquished

Notes
Turn   | Place    | Note
-------+----------+-------------------------------------------
     0 | D:1      | fvbjks the Gargoyle Earth Elementalist began the quest for
                  | the Orb.
     0 | D:1      | Reached XP level 1. HP: 10/10 MP: 3/3
    50 | D:1      | Reached skill level 1 in Transmutations
   522 | D:1      | Reached XP level 2. HP: 15/15 MP: 5/5
   579 | D:1      | Found a faded altar of an unknown god.
   761 | D:1      | Reached XP level 3. HP: 12/19 MP: 6/6
   765 | D:1      | Learned a level 3 spell: Stone Arrow
  1628 | D:2      | Found a runed translucent door.
  1629 | D:2      | Noticed Crazy Yiuf
  1646 | D:2      | Killed Crazy Yiuf
  1647 | D:2      | Reached skill level 1 in Conjurations
  1647 | D:2      | Reached XP level 4. HP: 18/24 MP: 1/8
  2155 | D:2      | Reached XP level 5. HP: 16/28 MP: 1/9
  2786 | D:3      | Noticed Natasha
  2788 | D:3      | Killed Natasha
  2921 | D:3      | Noticed Natasha
  2930 | D:3      | Killed Natasha
  2931 | D:3      | Reached XP level 6. HP: 32/32 MP: 5/11
  3323 | D:3      | Noticed Natasha
  3328 | D:3      | Killed Natasha
  3605 | D:4      | Noticed Grinder
  3752 | D:4      | Killed Grinder
  3753 | D:4      | Reached XP level 7. HP: 36/36 MP: 1/13
  3942 | D:4      | Found an opulent altar of Gozag.
  4172 | D:4      | Noticed Menkaure
  4176 | D:4      | Killed Menkaure
  4765 | D:5      | Entered Level 5 of the Dungeon
  4829 | D:5      | Reached skill level 4 in Earth Magic
  4832 | D:5      | Reached XP level 8. HP: 39/41 MP: 4/15
  4834 | D:5      | Reached skill level 5 in Earth Magic
  4846 | D:5      | Reached skill level 6 in Earth Magic
  5033 | D:5      | Found a staircase to the Ecumenical Temple.
  5060 | Temple   | Entered the Ecumenical Temple
  5067 | Temple   | Became a worshipper of Vehumet
  5336 | D:5      | Reached skill level 7 in Earth Magic
  5620 | D:5      | Found a bloodstained altar of Trog.
  5749 | D:5      | Reached skill level 5 in Spellcasting
  5866 | D:5      | Reached skill level 1 in Armour
  5866 | D:5      | Reached skill level 5 in Conjurations
  5872 | D:5      | Reached skill level 1 in Fighting
  6022 | D:5      | Reached skill level 1 in Maces & Flails
  6560 | D:5      | Reached XP level 9. HP: 37/48 MP: 13/16
  6814 | D:6      | Found a sacrificial altar of Ru.
  7049 | D:6      | Reached * piety under Vehumet
  7049 | D:6      | Offered knowledge of Shock by Vehumet.
  7207 | D:6      | Identified a scroll of acquirement
  7207 | D:6      | Acquired 1221 gold pieces
  7278 | D:6      | Reached skill level 8 in Earth Magic
  7416 | D:6      | Found a hazy altar of Hepliaklqana.
  7416 | D:6      | Found a stormy altar of Qazlal.
  7553 | D:6      | Found a snail-covered altar of Cheibriados.
  7969 | D:7      | You fall into a shaft and drop 2 floors!
  8001 | D:9      | Noticed a wizard
  8017 | D:9      | Killed a wizard
  8215 | D:9      | Reached XP level 10. HP: 34/56 MP: 16/18
  8728 | D:9      | Noticed Psyche
  8787 | D:9      | Killed Psyche
  9171 | D:9      | Reached ** piety under Vehumet
  9171 | D:9      | Offered knowledge of Magic Dart by Vehumet.
  9459 | D:7      | Reached skill level 9 in Earth Magic
 10540 | D:8      | Found a staircase to the Lair.
 10549 | D:8      | Offered knowledge of Conjure Flame by Vehumet.
 10554 | D:8      | Reached skill level 5 in Armour
 10558 | D:8      | Reached skill level 5 in Fighting
 10640 | D:8      | Reached XP level 11. HP: 48/63 MP: 19/21
 11066 | D:9      | Reached *** piety under Vehumet
 11089 | D:9      | Noticed a red ugly thing
 11099 | D:9      | Killed a red ugly thing
 11315 | D:9      | Found a blossoming altar of Fedhas.
 11468 | D:10     | Entered Level 10 of the Dungeon
 11498 | D:9      | Reached skill level 5 in Maces & Flails
 11903 | D:10     | Offered knowledge of Iskenderun's Mystic Blast by Vehumet.
 12180 | D:10     | Found a staircase to the Orcish Mines.
 12384 | D:10     | Reached skill level 1 in Evocations
 13097 | D:11     | Reached skill level 10 in Earth Magic
 13182 | D:11     | Reached skill level 5 in Dodging
 13211 | D:11     | Noticed a skeletal warrior
 13242 | D:11     | Killed a skeletal warrior
 13272 | D:11     | Found Caoddid's Assorted Antiques.
 13477 | D:11     | Noticed a cyclops
 13598 | D:10     | Reached **** piety under Vehumet
 13625 | D:11     | Killed a cyclops
 13668 | D:11     | Bought a lumpy silvery potion for 28 gold pieces
 13669 | D:11     | Gained mutation: You have large cloven feet. [potion of
                  | mutation]
 13669 | D:11     | Gained mutation: Your flesh is cold resistant. (rC+)
                  | [potion of mutation]
 13669 | D:11     | Gained mutation: Your flesh is very cold resistant. (rC++)
                  | [potion of mutation]
 13937 | D:11     | Noticed a skeletal warrior
 13937 | D:11     | Noticed a skeletal warrior
 13952 | D:11     | Killed a skeletal warrior
 13953 | D:11     | Reached XP level 12. HP: 49/71 MP: 11/23
 14273 | D:11     | Found a stormy altar of Qazlal.
 14602 | D:11     | Offered knowledge of Ignite Poison by Vehumet.
 15400 | D:12     | Noticed a boulder beetle
 15418 | D:12     | Killed a boulder beetle
 15673 | D:12     | Found Bocyimm's Weapon Emporium.
 15957 | D:12     | Found Tijomi's Magic Scroll Shoppe.
 15963 | D:12     | Bought a scroll of immolation for 49 gold pieces
 15963 | D:12     | Bought a scroll of fog for 28 gold pieces
 15963 | D:12     | Bought 3 scrolls of teleportation for 126 gold pieces
 15963 | D:12     | Bought a scroll of blinking for 105 gold pieces
 15963 | D:12     | Bought a scroll of fear for 49 gold pieces
 15963 | D:12     | Bought a scroll of identify for 28 gold pieces
 15963 | D:12     | Bought a scroll of identify for 28 gold pieces
 15963 | D:12     | Bought a scroll of teleportation for 42 gold pieces
 15963 | D:12     | Bought a scroll of teleportation for 42 gold pieces
 15963 | D:12     | Bought a scroll of identify for 28 gold pieces
 15978 | D:12     | Found a runed translucent gate.
 15979 | D:12     | Found a runed translucent gate.
 15980 | D:12     | Found a runed translucent gate.
 15982 | D:12     | Found Kelit's Antique Armour Shoppe.
 15982 | D:12     | Found an opulent altar of Gozag.
 15982 | D:12     | Found Xetipterph's Assorted Antiques.
 15982 | D:12     | Noticed a deep troll earth mage
 15989 | D:12     | Noticed yegreS's ghost (journeyman MiFi)
 16032 | D:12     | Found Jolesaif's Assorted Antiques.
 16813 | D:14     | Noticed a five-headed hydra
 16813 | D:14     | Noticed a tengu warrior
 16817 | D:14     | Killed a tengu warrior
 16818 | D:14     | Reached skill level 11 in Earth Magic
 16819 | D:14     | Noticed a four-headed hydra
 16822 | D:14     | Killed a five-headed hydra
 16997 | D:14     | Killed a four-headed hydra
 17108 | D:14     | Noticed a centaur warrior
 17115 | D:14     | Killed a centaur warrior
 17133 | D:14     | Noticed a boulder beetle
 17146 | D:14     | Killed a boulder beetle
 17175 | D:14     | Noticed Nessos
 17477 | D:14     | Killed Nessos
 17478 | D:14     | Reached XP level 13. HP: 38/78 MP: 14/25
 18205 | D:14     | Cast into level 2 of the Abyss (a wizard)
 18262 | Abyss:2  | Noticed a tentacled starspawn
 18267 | Abyss:2  | Killed a tentacled starspawn
 18308 | Abyss:2  | Noticed an eidolon
 18326 | Abyss:2  | Noticed a starcursed mass
 18343 | Abyss:2  | Noticed a tentacled starspawn
 18348 | Abyss:2  | Killed a tentacled starspawn
 18396 | Abyss:2  | Noticed a tentacled starspawn
 18492 | Abyss:2  | Noticed a green draconian
 18534 | Abyss:2  | Killed a green draconian
 18576 | Abyss:2  | Noticed a tentacled starspawn
 18595 | Abyss:2  | Killed a tentacled starspawn
 18596 | Abyss:2  | Reached skill level 5 in Evocations
 18937 | Abyss:2  | Noticed a starcursed mass
 19097 | Abyss:2  | Noticed a starcursed mass
 19214 | Abyss:2  | Reached skill level 10 in Conjurations
 19216 | D:14     | Escaped the Abyss
 19708 | D:14     | Reached skill level 12 in Earth Magic
 19893 | D:14     | Noticed a vault guard
 19899 | D:14     | Killed a vault guard
 19899 | D:14     | Reached ***** piety under Vehumet
 19899 | D:14     | Offered knowledge of Fireball by Vehumet.
 19902 | D:14     | Noticed a vault guard
 19923 | D:14     | Killed a vault guard
 20207 | D:14     | Found a gate to the Vaults.
 20365 | D:14     | Gained mutation: Your large and strong wings let you fly.
                  | [Gargoyle growth]
 20365 | D:14     | Reached XP level 14. HP: 84/86 MP: 15/27
 20926 | Lair:1   | Entered Level 1 of the Lair of Beasts
 20933 | Lair:1   | Learned a level 5 spell: Fireball
 21113 | Lair:1   | Noticed Maggie
 21117 | Lair:1   | Killed Maggie
 21223 | Lair:1   | Noticed Urug
 21230 | Lair:1   | Killed Urug
 21234 | Lair:1   | Reached skill level 1 in Fire Magic
 21237 | Lair:1   | Noticed Gastronok
 21405 | Lair:1   | Killed Gastronok
 21588 | Lair:1   | Noticed Prince Ribbit
 21610 | Lair:1   | Killed Prince Ribbit
 22354 | Lair:2   | Found a frozen archway.
 22357 | Lair:2   | Noticed Fannar
 22366 | IceCv    | Entered an ice cave
 22806 | IceCv    | HP: 2/86 [entropy weaver simulacrum (9)]
 22806 | IceCv    | Mangled by an entropy weaver simulacrum

Illustrated notes

Levels and vault maps discovered:
D:1:      dpeg_arrival_rhombi, layout_rooms,
          shapermc_ecumenical_altar_mp_vishouse
D:2:      cheibrodos_pilgrimage, layout_basic, uniq_crazy_yiuf_cottage
D:3:      layout_basic, serial_curves, eino_curves_03, eino_curves_01,
          uniq_natasha
D:4:      layout_gridville, old_standard_altar, serial_glass, glass_columns_a,
          glass_columns_a, uniq_grinder, uniq_menkaure
D:5:      layout_loops_ring, mainiacjoe_overflow_paths, temple_pool_b
D:6:      layout_cave_pools, grunt_temple_overflow_open, kennysheep_mini
D:7:      layout_basic
D:8:      layout_cave_pools, due_lair_maze_entry_diamond,
          hangedman_abyss_or_decor_passed, minmay_ruffians
D:9:      layout_long_grid, fedhas_altar_fruit_tree, lightli_wizard_tower,
          uniq_psyche
D:10:     layout_irregular_city, erik_orc_3, blue_anna_alchemist
D:11:     layout_rooms, serial_shops, nicolae_shop_waterfront,
          nicolae_qazlal_style_of_elements
D:12:     layout_loops_ring, serial_shops, kennysheep_little_box,
          nicolae_shop_behind_doors, shop, ebering_ghost_gozag
D:13:     layout_loops_cross
D:14:     layout_loops_ring, grunt_vaults_entry_tiered,
          infiniplex_staircase_pillars_3b, uniq_nessos
Temple:   minmay_freezing_vapour_temple
Lair:1:   layout_gridlike, infiniplex_staircase_pool_2, uniq_urug,
          uniq_prince_ribbit2, uniq_gastronok, uniq_maggie
Lair:2:   layout_roguey, shoals_dummy_entry, spider_nest_entry_web_field,
          portal_ice_cave_entry_imps, lemuel_fruit_tree, uniq_fannar, uniq_sonja
IceCv:    ice_cave_statue_garden_chambered

Skill      XL: |  1  2  3  4  5  6  7  8  9 10 11 12 13 14 |
---------------+-------------------------------------------+-----
Transmutations | 1 2 3 4 |  4.0
Spellcasting   | 3 4 5 6 7 8 9 |  9.4
Conjurations   | 1 2 3 4 5 6 7 8 9 10 | 10.6
Earth Magic    | 4 7 8 9 10 11 12 | 12.4
Armour         | 1 3 5 6 |  6.0
Fighting       | 1 3 5 6 7 9 |  9.3
Maces & Flails | 1 3 4 6 7 8 |  8.6
Dodging        | 2 3 4 5 6 7 |  7.4
Evocations     | 2 4 5 6 |  6.1
Fire Magic     | 2 |  2.7
Stealth        | |  2.1

Action                   |  1- 3 |  4- 6 |  7- 9 | 10-12 | 13-15 || total
-------------------------+-------+-------+-------+-------+-------++-------
Melee: Mace              |    14 |       |       |       |       ||    14
       Dagger            |    15 |       |       |       |       ||    15
       Long sword        |    45 |    79 |   105 |       |       ||   229
       Flail             |       |       |    69 |       |       ||    69
       Dire flail        |       |       |    95 |   423 |   291 ||   809
       Kick              |       |       |       |    37 |    76 ||   113
 Cast: Sandblast         |    16 |    27 |    61 |    26 |    15 ||   145
       Stone Arrow       |       |     2 |    41 |   154 |   124 ||   321
       Fireball          |       |       |       |       |    22 ||    22
Evoke: Wand              |       |       |       |     1 |     8 ||     9
  Use: Potion            |     2 |     4 |     1 |     7 |     4 ||    18
       Scroll            |     2 |     6 |     9 |     9 |     6 ||    32
 Stab: Invisible         |     1 |     1 |       |       |       ||     2
       Sleeping          |     1 |       |     2 |     1 |       ||     4
       Distracted        |       |       |       |     2 |       ||     2
Armor: Robe              |    27 |    44 |       |       |       ||    71
       Leather armour    |       |    19 |   241 |   339 |   229 ||   828
Dodge: Dodged            |    48 |    62 |   250 |   329 |   199 ||   888
Block: Other             |       |       |       |    43 |    73 ||   116
       Reflection        |       |       |       |       |     1 ||     1

Table legend: (Time is in decaauts)
 A = Elapsed time spent in this place.
 B = Non-inter-level travel time spent in this place.
 C = Inter-level travel time spent in this place.
 D = Time resting spent in this place.
 E = Time spent auto-exploring this place.
 F = Levels seen in this place.
 G = Mean time per level.
                   A        B        C        D        E       F      G
               +--------+--------+--------+--------+--------+-----+--------+
         Total |  22976 |  22211 |    765 |   5103 |  13270 |  19 | 1209.3 |
       Dungeon |  19660 |  18906 |    754 |   3799 |  11922 |  14 | 1404.3 |
        Temple |    435 |    430 |      5 |    390 |      0 |   1 |  435.0 |
          Lair |   1431 |   1425 |      6 |    148 |   1067 |   2 |  715.5 |
         Abyss |   1008 |   1008 |      0 |    433 |    281 |   1 | 1008.0 |
      Ice Cave |    439 |    439 |      0 |    333 |      0 |   1 |  439.0 |
               +--------+--------+--------+--------+--------+-----+--------+

Top non-repeatable levels by time:
    D:14: 2459 daAuts
     D:9: 2003 daAuts
    D:10: 1756 daAuts
     D:2: 1707 daAuts
     D:5: 1665 daAuts
    D:11: 1510 daAuts
  Lair:1: 1410 daAuts
     D:7: 1209 daAuts
    D:12: 1140 daAuts
     D:1: 1119 daAuts
     D:3: 1106 daAuts
     D:4: 1099 daAuts
 Abyss:2: 1008 daAuts
     D:6: 1000 daAuts
    D:13: 969 daAuts
